 Dungeon Crawl Stone Soup version 0.25-a0-388-g41a7e554cb (webtiles) character file.

Game seed: 11323121532785573432, levelgen mode: deterministic

452 mopl the Skirmisher (level 6, -3/53 HPs)
             Began as a Demonspawn Wanderer on Jan 7, 2020.
             Slain by an orc warrior
             ... wielding a cursed -2 long sword
              (21 damage)
             ... on level 3 of the Dungeon.
             The game lasted 00:07:45 (3816 turns).

mopl the Skirmisher (Demonspawn Wanderer)           Turns: 3816, Time: 00:07:45

Health: -3/53      AC:  6    Str: 18    XL:     6   Next: 75%
Magic:  9/9        EV: 10    Int: 11    God:
Gold:   99         SH:  0    Dex: 16    Spells: 8/9 levels left

rFire    . . .     SeeInvis .   b - +2 dagger (elec)
rCold    . . .     Gourm    .   (no shield)
rNeg     . . .     Faith    .   j - +0 ring mail
rPois    .         Spirit   .   w - +0 helmet
rElec    .         Reflect  .   (no cloak)
rCorr    .         Harm     .   (no gloves)
MR       .....                  h - +0 pair of boots
Stlth    +.........             (no amulet)
HPRegen  0.17/turn              k - -3 ring of protection (curse)
MPRegen  0.11/turn              (no ring)

@: mighty
A: slimy green scales 1, powered by pain 1, spiny 2
a: no special abilities


You were on level 3 of the Dungeon.
You were not hungry.

You visited 1 branch of the dungeon, and saw 4 of its levels.
You also visited: Sewer.

You collected 99 gold pieces.

Inventory:

Hand Weapons
 a - a +0 shortbow
 b - a +2 dagger of electrocution (weapon)
 s - a +0 hand axe
Missiles
 c - 74 arrows
 e - 25 poisoned darts
 i - 2 throwing nets (quivered)
 q - 3 javelins
Armour
 h - a +0 pair of boots (worn)
 j - a +0 ring mail (worn)
 w - a +0 helmet (worn)
Jewellery
 k - a cursed -3 ring of protection (left hand)
Scrolls
 l - a scroll of fear {unknown}
 m - 2 scrolls of immolation {unknown}
 n - a scroll of magic mapping {unknown}
 t - a scroll of amnesia {unknown}
 u - a scroll of enchant weapon {unknown}
 x - a scroll of remove curse {unknown}
 y - a scroll of blinking {unknown}
 B - a scroll of fog {unknown}
Potions
 d - 3 potions of curing
 g - a potion of haste
 p - a potion of agility
 r - a potion of heal wounds
 v - a potion of lignification {!q}
 z - a potion of might
 A - a potion of brilliance
 C - a potion of magic
Comestibles
 f - 7 rations


   Skills:
 + Level 6.9 Fighting
 - Level 1.8 Bows
 - Level 1.0 Throwing
 - Level 1.0 Armour
   Level 1.0 Shields
 - Level 2.0 Spellcasting
   Level 2.6 Fire Magic


You had 8 spell levels left.
You knew the following spells:

 Your Spells              Type           Power        Failure   Level  Hunger
a - Magic Dart            Conj           #...         45%         1    ##.....

Your spell library contained the following spells:

 Spells                   Type           Power        Failure   Level  Hunger
 Blink                    Tloc           N/A          61%         2    ###....
 Call Imp                 Summ           #.......     61%         2    ###....
 Slow                     Hex            #.......     61%         2    ###....
 Conjure Flame            Conj/Fire      #.......     65%         3    ####...
 Mephitic Cloud           Conj/Pois/Air  #.......     83%         3    ####...


Dungeon Overview and Level Annotations

Branches:
Dungeon (4/15)              Sewer (visited)
 Temple: D:4-7

Altars:
Trog


Innate Abilities, Weirdness & Mutations

You are partially covered in slimy green scales. (AC +2)
You sometimes gain a little power by taking damage.
You are mostly covered in sharp spines.


Message History

The puff of flame hits you. The orc is struck by your spines.
The orc hits you with a +0 morningstar!
You focus on the pain.
You feel very mighty all of a sudden.
You climb upwards.
There is a stone staircase leading down here.
Unknown command.
Unknown command.
Unknown command.
You puncture the orc!
You kill the orc!
The orc warrior hits you with a cursed -2 long sword.
You closely miss the orc warrior. The orc warrior barely misses you.
You hit the orc warrior but do no damage.
Lightning courses through the orc warrior!!
The orc warrior is severely wounded.
The orc warrior hits you with a cursed -2 long sword!
You hit the orc warrior.
The orc warrior is severely wounded.
The orc warrior hits you with a cursed -2 long sword!!
You die...

#######'#.#
#.........#
####.#####...#
#............#
#.###........##
#...'.........#
#####...).....#
#......o.)#
#######......@.#
#.)......#####.#
####†######.#####.#
.....#....#.......#
######.##.#########
#.##.# #.##.#
#.##.#####
#.#......#


You could see an orc warrior.

Vanquished Creatures
  2 big kobolds (Sewer)
  An orc wizard (D:3)
  Robin (D:3)
  11 adders
  2 river rats
  4 oozes
  5 worms
  2 dart slugs
  2 leopard geckos
  6 orcs (D:3)
  A ball python (D:2)
  6 giant cockroaches
  19 goblins
  8 hobgoblins
  8 jackals (D:2)
  A quokka (D:2)
  11 bats
  2 frilled lizards
  14 kobolds
  25 rats
131 creatures vanquished.

Notes
Turn   | Place    | Note
-------+----------+-------------------------------------------
     0 | D:1      | mopl the Demonspawn Wanderer began the quest for the Orb.
     0 | D:1      | mopl set off with the following items: a +0 shortbow, 24
                  | arrows, a potion of curing, a +0 robe, a ration; and the
                  | following spell memorised: Magic Dart; and the following
                  | spells available to memorise: Blink, Call Imp, Slow,
                  | Conjure Flame, Mephitic Cloud
     0 | D:1      | Reached XP level 1. HP: 13/13 MP: 3/3
    73 | D:1      | Reached skill level 1 in Fighting
   103 | D:1      | Gained mutation: You are partially covered in slimy green
                  | scales. (AC +2) [demonic ancestry]
   103 | D:1      | Reached XP level 2. HP: 14/21 MP: 5/5
   421 | D:1      | Reached skill level 2 in Fighting
  1244 | D:2      | Gained mutation: You are partially covered in sharp spines.
                  | [demonic ancestry]
  1244 | D:2      | Reached XP level 3. HP: 15/28 MP: 6/6
  1520 | D:2      | Reached skill level 3 in Fighting
  1652 | D:2      | Reached XP level 4. HP: 20/37 MP: 7/7
  1891 | D:2      | Reached skill level 4 in Fighting
  2096 | D:2      | Noticed a moth of wrath
  2098 | D:2      | Found a bloodstained altar of Trog.
  2326 | D:3      | Gained mutation: You sometimes gain a little power by
                  | taking damage. [demonic ancestry]
  2326 | D:3      | Reached XP level 5. HP: 33/43 MP: 8/8
  2349 | D:3      | Reached skill level 5 in Fighting
  2541 | D:3      | Noticed Robin
  2564 | D:3      | Killed Robin
  2924 | D:3      | Found a glowing drain.
  2946 | Sewer    | Entered a sewer
  3188 | Sewer    | Gained mutation: You are mostly covered in sharp spines.
                  | [demonic ancestry]
  3188 | Sewer    | Reached XP level 6. HP: 42/52 MP: 9/9
  3204 | Sewer    | Reached skill level 6 in Fighting
  3808 | D:4      | Noticed an orc warrior
  3816 | D:3      | Slain by an orc warrior

Levels and vault maps discovered:
D:1:      sevenhm_arrival_forest_fort_large_4, layout_basic, serial_forest,
          infiniplex_forest_clump_cross, infiniplex_forest_straight_3,
          infiniplex_forest_3_way, infiniplex_forest_clump_curved
D:2:      layout_loops_ring, tgw_trog
D:3:      layout_basic, portal_sewer_entry_b, uniq_robin
D:4:      layout_layer_cave, brannock_xom_greatest_gift, ebering_ghost_sewer_d,
          uniq_natasha

Skill      XL: |  1  2  3  4  5  6 |
---------------+-------------------+-----
Fighting       | 1 2 3 4 5 6 |  6.9
Bows           | |  1.8
Throwing       | |  1.0
Armour         | |  1.0
Shields        | |  1.0
Spellcasting   | |  2.0
Fire Magic     | |  2.6

Action                   |  1- 3 |  4- 6 || total
-------------------------+-------+-------++-------
Melee: Hand axe          |    43 |    16 ||    59
       Dagger            |       |    95 ||    95
 Fire: Shortbow          |   117 |    63 ||   180
  Use: Potion            |       |     4 ||     4
       Scroll            |       |     3 ||     3
  Eat: Chunk             |     2 |     7 ||     9
Armor: Robe              |     5 |       ||     5
       Ring mail         |    51 |    49 ||   100
Dodge: Dodged            |    82 |    75 ||   157

Table legend:
 A = Non-vault XP
 B = Vault XP
 C = Vault XP percentage of total XP
 D = Non-vault monster count
 E = Vault monster count
 F = Vault count percentage of total count
                 A         B        C        D         E       F
            +---------+---------+-------+---------+---------+-------
      Total |     295 |     351 |  54.3 |      88 |      43 |  32.8
            +---------+---------+-------+---------+---------+-------
        D:1 |      38 |       0 |   0.0 |      27 |       0 |   0.0
        D:2 |     130 |       9 |   6.5 |      37 |       5 |  11.9
        D:3 |     127 |      57 |  31.0 |      24 |      19 |  44.2
      Sewer |       0 |     285 | 100.0 |       0 |      19 | 100.0
            +---------+---------+-------+---------+---------+-------
